Map: Ephemeron LE

Players

PappiJoe

  • Race: Protoss Protoss
  • Spawn Location: 5:00

Nitix - Winner!

  • Race: Zerg Zerg
  • Spawn Location: 11:00

Event: IEM Katowice 2020

VOD

Have the link to the VOD?

Description

Time

  • Played on: Feb. 24, 2020, 9:42 a.m.
  • Length: 9:24

All games in this series

Show
View Real Time Build Order
Export as new Build Order

PappiJoe Protoss 

Build Orders: Zealot Archon, Dark Templar Rush 

Get SALT Encoding   

  12  0:02  Probe  
  13  0:14  Probe  
  13  0:18  Pylon  
  14  0:26  Probe (Chrono Boost)  
  15  0:36  Gateway  
  15  0:39  Probe (Chrono Boost)  
  16  0:45  Probe (Chrono Boost)  
  16  0:47  Assimilator  
  17  0:54  Probe  
  18  1:06  Probe  
  19  1:19  Probe  
  20  1:26  Cybernetics Core  
  20  1:29  Assimilator  
  20  1:32  Probe  
  21  1:39  Pylon  
  21  1:44  Probe  
  22  1:56  Probe  
  23  2:01  Adept (Chrono Boost)  
  23  2:08  Probe  
  25  2:17  Stargate  
  25  2:22  Nexus  
  25  2:25  Adept  
  27  2:34  Warp Gate  
  27  2:37  Probe  
  28  2:40  Shield Battery  
  28  2:49  Probe  
  29  3:01  Probe  
  29  3:05  Twilight Council  
  30  3:13  Probe  
  30  3:19  Pylon  
  31  3:34  Probe, Stalker  
  31  3:35  Probe  
  37  3:44  Dark Shrine  
  37  3:46  Probe (Chrono Boost)  
  37  3:47  Probe (Chrono Boost)  
  37  4:00  Assimilator  
  37  4:02  Assimilator  
  37  4:04  Probe (Chrono Boost)  
  38  4:10  Gateway  
  38  4:11  Gateway  
  38  4:12  Probe (Chrono Boost)  
  38  4:16  Gateway  
  40  4:20  Probe (Chrono Boost)  
  40  4:22  Probe (Chrono Boost)  
  41  4:27  Probe x2 (Chrono Boost)  
  43  4:33  Blink  
  44  4:39  Probe (Chrono Boost)  
  44  4:43  Pylon  
  44  4:44  Probe (Chrono Boost)  
  45  4:46  Probe (Chrono Boost)  
  45  4:51  Probe  
  47  4:53  Probe  
  47  4:59  Dark Templar  
  50  5:06  Dark Templar  
  50  5:07  Dark Templar  
  54  5:10  Dark Templar  
  54  5:12  Probe x2  
  58  5:14  Gateway  
  58  5:20  Pylon  
  58  5:32  Probe  
  59  5:37  Pylon  
  59  5:40  Gateway  
  59  5:43  Gateway  
  59  5:44  Pylon  
  59  5:45  Gateway, Pylon  
  59  5:48  Pylon  
  59  6:03  Stalker x2  
  59  6:04  Stalker x2  
  65  6:09  Archon x2  
  67  6:11  Stalker  
  67  6:15  Gateway, Pylon  
  69  6:27  Pylon  
  69  6:29  Stalker x3  
  69  6:30  Stalker  
  77  6:35  Pylon, Stalker  
  77  6:38  Stalker  
  81  6:51  Pylon, Stalker  
  81  6:52  Stalker  
  85  7:00  Stalker  
  85  7:01  Stalker  
  89  7:02  Pylon  
  76  7:26  Stalker  
  76  7:27  Stalker x5  
  86  7:32  Stalker x2  
  84  7:57  Stalker x2  
  84  7:58  Stalker x4  
  94  8:03  Pylon  
  94  8:04  Stalker  
  96  8:08  Stalker  
  98  8:23  Stalker x3  
  98  8:26  Pylon  
  102  8:34  Stalker x2  
  100  8:55  Stalker x4  
  96  9:02  Stalker x2  
Show
View Real Time Build Order
Export as new Build Order

Nitix Zerg - Winner!

Build Orders: Pool First 

Get SALT Encoding   

  12  0:00  Drone  
  13  0:12  Overlord  
  13  0:16  Drone  
  14  0:30  Drone x2  
  16  0:36  Drone  
  17  0:44  Extractor  
  17  0:46  Spawning Pool  
  17  0:49  Drone  
  16  0:56  Drone  
  17  1:17  Hatchery  
  16  1:24  Drone  
  17  1:34  Zergling x4  
  19  1:40  Queen  
  21  1:48  Metabolic Boost  
  21  1:55  Overlord  
  22  2:01  Drone  
  22  2:16  Drone x2  
  22  2:17  Queen  
  26  2:29  Zergling x2  
  27  2:31  Drone  
  27  2:33  Drone  
  29  2:43  Hatchery  
  28  2:46  Drone  
  28  2:48  Drone  
  30  2:52  Drone  
  30  2:56  Drone  
  32  2:58  Overlord  
  32  3:04  Drone  
  32  3:05  Drone  
  34  3:06  Drone  
  34  3:09  Drone  
  36  3:17  Drone  
  37  3:22  Queen  
  38  3:29  Drone x2  
  38  3:30  Spore Crawler  
  38  3:31  Spore Crawler, Drone  
  39  3:35  Drone, Evolution Chamber  
  39  3:37  Drone  
  40  3:43  Overlord  
  40  3:47  Lair  
  41  3:58  Drone x4  
  41  3:59  Roach Warren  
  41  4:01  Extractor  
  41  4:02  Extractor  
  42  4:08  Zergling x8  
  46  4:16  Zergling x8  
  50  4:24  Overlord x2  
  50  4:39  Roach x3  
  50  4:44  Roach x2  
  50  4:45  Roach x2  
  64  4:47  Overseer  
  64  4:52  Overseer  
  64  5:00  Drone  
  64  5:01  Drone x5  
  64  5:04  Drone  
  64  5:05  Drone  
  72  5:08  Drone  
  72  5:12  Overlord  
  73  5:18  Glial Reconstitution  
  73  5:34  Roach x4  
  81  5:37  Overlord x3  
  81  5:42  Overlord  
  81  5:46  Zerg Missile Weapons Level 1  
  81  5:53  Overlord  
  81  5:56  Roach x4  
  89  5:57  Drone  
  89  5:58  Drone  
  89  6:00  Drone  
  89  6:01  Drone  
  93  6:15  Drone x5  
  98  6:18  Spire  
  98  6:20  Roach x2  
  100  6:31  Roach x5  
  109  6:38  Zergling x2, Roach  
  109  6:39  Extractor, Roach x2  
  116  6:43  Overlord  
  116  6:49  Roach x2  
  116  6:52  Overlord x3  
  120  6:54  Roach  
  122  7:02  Zergling x4, Roach  
  122  7:03  Roach x2  
  124  7:18  Zergling x2  
  124  7:19  Zergling x20  
  131  7:27  Zergling x2  
  131  7:28  Zergling x4  
  130  7:31  Overseer  
  130  7:38  Spire, Extractor  
  130  7:39  Zergling x4, Baneling Nest  
  130  7:40  Zergling x2  
  128  7:45  Drone  
  128  7:46  Drone x4  
  126  7:54  Zergling x4  
  126  8:02  Drone  
  126  8:04  Extractor  
  126  8:06  Drone  
  126  8:07  Drone x3  
  126  8:08  Drone  
  131  8:13  Zergling x12  
  131  8:15  Ravager x3  
  131  8:17  Hatchery  
  131  8:19  Zergling x4  
  141  8:23  Ravager  
  141  8:24  Ravager x3  
  144  8:29  Zergling x16  
  144  8:30  Zergling x2  
  152  8:37  Zergling x4  
  152  8:40  Zergling x2  
  146  8:49  Zergling x4  
  141  8:57  Mutalisk x6  
  141  9:00  Overlord x3  
  141  9:01  Overseer x2  

Tags
 
Add a new tag
Caveats
  • Supply blocks, unpowered buildings, or Contaminate may cause inaccurate times.
  • Supply counts are checked every 10 seconds.